 Dungeon Crawl Stone Soup version 0.22-a0-422-g9628fc8 (webtiles) character file.

98 Gorice the Magician (level 4, -1/24 HPs)
             Began as a Deep Elf Fire Elementalist on May 20, 2018.
             Slain by Grinder (5 damage)
             ... on level 3 of the Dungeon.
             The game lasted 00:08:08 (1679 turns).

Gorice the Magician (Deep Elf Fire Elementalist)    Turns: 1679, Time: 00:08:09

Health: -1/24      AC:  4    Str:  5    XL:     4   Next: 44%
Magic:  8/12       EV: 12    Int: 21    God:
Gold:   58         SH:  6    Dex: 15    Spells: 5/11 levels left

rFire    . . .     SeeInvis .   (no weapon)
rCold    . . .     Gourm    .   i - +2 buckler
rNeg     . . .     Faith    .   a - +0 robe
rPois    .         Spirit   .   n - +2 hat
rElec    .         Reflect  .   (no cloak)
rCorr    .         Harm     .   (no gloves)
MR       .....                  (no boots)
Stlth    ++........             (no amulet)
HPRegen  0.08/turn              (no ring)
MPRegen  0.13/turn              (no ring)

@: no status effects
A: no striking features
a: no special abilities


You were on level 3 of the Dungeon.
You were not hungry.

You visited 1 branch of the dungeon, and saw 3 of its levels.

You collected 58 gold pieces.

Inventory:

Hand Weapons
 e - a +0 spear
 g - a +1 vampiric short sword
   (You took it off a kobold on level 1 of the Dungeon)
Missiles
 f - 2 curare-tipped needles
Armour
 a - a +0 robe (worn)
 i - a +2 buckler (worn)
 n - a +2 hat (worn)
Potions
 l - a potion of curing
Comestibles
 c - 5 rations
 d - 2 chunks of flesh


   Skills:
 - Level 2.4 Dodging
 - Level 2.4 Stealth
 + Level 1.1 Shields
 + Level 4.2 Spellcasting
 * Level 3.6 Conjurations
 - Level 3.2 Fire Magic


You had 5 spell levels left.
You knew the following spells:

 Your Spells              Type           Power        Failure   Level  Hunger
a - Flame Tongue          Conj/Fire      ###..        4%          1    None
b - Throw Flame           Conj/Fire      ###...       6%          2    #......
c - Conjure Flame         Conj/Fire      ###.....     12%         3    ###....

Your spell library contained the following spells:

 Spells                   Type           Power        Failure   Level  Hunger
 Fireball                 Conj/Fire      ###.......   73%         5    ######.
 Sticky Flame             Conj/Fire      ###.....     36%         4    ####...
 Inner Flame              Hex/Fire       ##......     26%         3    ###....


Dungeon Overview and Level Annotations

Branches:
Dungeon (3/15)

Altars:

Annotations:
D:3 Grinder, Natasha


Message History

Your magical contamination has completely faded away.
You start resting.
Magic restored.
Grinder shouts!
Casting: Flame Tongue (safe; 4% risk of failure)
Confirm with . or Enter, or press ? or * to list all spells.
You can't see any susceptible monsters within range! (Use Z to cast anyway.)
Press: ? - help, v - describe, . - travel
Here: Grinder The floor.
Grinder blinks!
There is a stone staircase leading up here.
You start waiting.
Grinder is too close now for your liking.
Casting: Flame Tongue (safe; 4% risk of failure)
Confirm with . or Enter, or press ? or * to list all spells.
Aiming: Flame Tongue (safe; 4% risk of failure)
Press: ? - help, Shift-Dir - straight line, f - Grinder
Aim: Grinder The flame tongue hits Grinder.
Grinder is moderately wounded.
Casting: Flame Tongue (safe; 4% risk of failure)
Confirm with . or Enter, or press ? or * to list all spells.
Aiming: Flame Tongue (safe; 4% risk of failure)
Press: ? - help, Shift-Dir - straight line, f/p - Grinder
Aim: Grinder (moderately wounded)
The flame tongue hits Grinder.
Grinder is moderately wounded.
You block Grinder's attack.
Casting: Flame Tongue (safe; 4% risk of failure)
Confirm with . or Enter, or press ? or * to list all spells.
Aiming: Flame Tongue (safe; 4% risk of failure)
Press: ? - help, Shift-Dir - straight line, f/p - Grinder
Aim: Grinder (moderately wounded)
The flame tongue hits Grinder.
Grinder is heavily wounded.
Grinder hits you!
You writhe in agony.
* * * LOW HITPOINT WARNING * * *
Damage: 13 (max 13)
Casting: Flame Tongue (safe; 4% risk of failure)
Confirm with . or Enter, or press ? or * to list all spells.
Aiming: Flame Tongue (safe; 4% risk of failure)
Press: ? - help, Shift-Dir - straight line, f/p - Grinder
Aim: Grinder (heavily wounded)
The flame tongue hits Grinder.
Grinder is heavily wounded.
Grinder hits you!
* * * LOW HITPOINT WARNING * * *
You writhe in agony.
You die...

o.o..............
...............
#####..........#
.......<..#....
######.....)#.#######
##.#.###........
#.......!.....#
#.#5#########.#
#..@..# #.^.#.#
#.#.#.# .......#
###.#.### .....
.#.#.# ....... .#


You could see Grinder.

Vanquished Creatures
  6 adders (D:2)
  A worm (D:2)
  A dart slug (D:2)
  3 leopard geckos
  3 giant cockroaches
  3 goblins
  2 hobgoblins
  7 jackals
  4 bats
  3 kobolds
  5 rats
38 creatures vanquished.

Notes
Turn   | Place    | Note
-------+----------+-------------------------------------------
     0 | D:1      | Gorice the Deep Elf Fire Elementalist began the quest for the Orb.
     0 | D:1      | Reached XP level 1. HP: 10/10 MP: 6/6
   159 | D:1      | Reached skill level 2 in Conjurations
   159 | D:1      | Reached XP level 2. HP: 14/15 MP: 5/8
   894 | D:2      | Reached XP level 3. HP: 19/19 MP: 8/10
  1046 | D:2      | Reached skill level 3 in Conjurations
  1107 | D:2      | Reached skill level 4 in Spellcasting
  1129 | D:2      | Reached skill level 1 in Shields
  1129 | D:2      | Reached XP level 4. HP: 23/24 MP: 6/12
  1579 | D:3      | Noticed Natasha
  1619 | D:3      | Learned a level 2 spell: Throw Flame
  1623 | D:3      | Learned a level 3 spell: Conjure Flame
  1630 | D:3      | Noticed Grinder
  1679 | D:3      | HP: 4/24 [Grinder (7)]
  1679 | D:3      | Slain by Grinder

Vault maps used:
D:1:      onia_arrival_mini_spirals
D:2:      first_ration
D:3:      lemuel_crystal_altar, serial_undead, serial_undead_f, serial_undead_e,
          serial_undead_b, serial_undead_f, serial_bayou_pond_e, uniq_ijyb,
          uniq_natasha, uniq_terence, uniq_grinder, uniq_crazy_yiuf_cottage

Skill      XL: |  1  2  3 |
---------------+----------+-----
Conjurations   | 2 3 |  3.6
Spellcasting   | 4 |  4.2
Shields        | 1 |  1.1
Dodging        | |  2.4
Stealth        | |  2.4
Fire Magic     | |  3.2

Action                   |  1- 3 |  4- 6 || total
-------------------------+-------+-------++-------
Melee: Unarmed           |    12 |       ||    12
 Cast: Flame Tongue      |    54 |    22 ||    76
  Use: Scroll            |       |     5 ||     5
  Eat: Chunk             |     1 |     1 ||     2
Armor: Robe              |     5 |     2 ||     7
Dodge: Dodged            |    31 |     1 ||    32
Block: Buckler           |     2 |     3 ||     5

Table legend:
 A = Spawn XP
 B = Non-spawn XP
 C = Spawn XP percentage of total XP
 D = Spawn monster count
 E = Non-spawn monster count
 F = Spawn count percentage of total count
 G = Total turns spent on level
                    A         B        C        D         E        F      G
               +---------+---------+-------+---------+---------+-------+---------
         Total |       0 |     141 |   0.0 |       0 |      38 |   0.0 |  1679
               +---------+---------+-------+---------+---------+-------+---------
           D:1 |       0 |      31 |   0.0 |       0 |      18 |   0.0 |   765
           D:2 |       0 |     109 |   0.0 |       0 |      19 |   0.0 |   848
           D:3 |       0 |       1 |   0.0 |       0 |       1 |   0.0 |    66
               +---------+---------+-------+---------+---------+-------+---------

Table legend:
 A = Turns spent in this place as a percentage of turns spent in the entire game.
 B = Non-inter-level travel turns spent in this place as a percentage of non-inter-level travel turns spent in the entire game.
 C = Inter-level travel turns spent in this place as a percentage of turns spent in this place.
 D = Turns resting spent in this place as a percentage of non-inter-level travel turns spent in this place.
 E = Turns spent auto-exploring this place as a percentage of non-inter-level travel turns spent in this place.
 F = Non-inter-level travel turns spent in this place divided by the number of levels of this place that you've seen.
                   A       B       C       D       E      F
               +-------+-------+-------+-------+-------+----------------------
         Total | 100.0 | 100.0 |   5.2 |   9.4 |  64.7 | 530.7
       Dungeon | 100.0 | 100.0 |   5.2 |   9.4 |  64.7 | 530.7
               +-------+-------+-------+-------+-------+----------------------

Vault maps used:
D:1:      onia_arrival_mini_spirals
D:2:      first_ration
D:3:      lemuel_crystal_altar, serial_undead, serial_undead_f, serial_undead_e,
          serial_undead_b, serial_undead_f, serial_bayou_pond_e, uniq_ijyb,
          uniq_natasha, uniq_terence, uniq_grinder, uniq_crazy_yiuf_cottage
